 Dungeon Crawl Stone Soup version 0.23.1 (webtiles) character file.

Game seed: 12525239827245105877

8152 Inchmeat the Basher (level 11, -3/73 HPs)
             Began as a Gargoyle Gladiator on Mar 14, 2019.
             Was a Believer of Makhleb.
             Slain by a sphinx (7 damage)
             ... on level 9 of the Dungeon.
             The game lasted 00:20:07 (10745 turns).

Inchmeat the Basher (Gargoyle Gladiator)           Turns: 10745, Time: 00:20:08

Health: -3/73      AC: 23    Str: 20    XL:     11   Next: 26%
Magic:  11/11      EV:  7    Int:  9    God:    Makhleb [**....]
Gold:   473        SH:  0    Dex: 19    Spells: 10/10 levels left

rFire    . . .     SeeInvis +   D - +2 flail (holy)
rCold    . . .     Gourm    +   (no shield)
rNeg     + . .     Faith    .   q - +1 plate armour "Leesi" {rElec MR- Dex+7}
rPois    ∞         Spirit   .   c - +0 helmet
rElec    +         Reflect  .   n - +1 cloak
rCorr    .         Harm     .   (no gloves)
MR       .....                  K - +0 pair of boots
Stlth    ..........             o - amulet of the gourmand
HPRegen  0.22/turn              e - ring of see invisible
MPRegen  0.12/turn              (no ring)

@: hasted and slowed
A: negative energy resistance 1, electricity resistance, unbreathing,
petrification resistance, rot immunity, AC +8
a: Minor Destruction, Renounce Religion


You were on level 9 of the Dungeon.
You worshipped Makhleb.
Makhleb was pleased with you.
You were very full.

You visited 2 branches of the dungeon, and saw 10 of its levels.
You also visited: Sewer.

You collected 473 gold pieces.

Inventory:

Hand Weapons
 a - a +1 flail
 D - a +2 flail of holy wrath (weapon)
Armour
 c - a +0 helmet (worn)
 n - a +1 cloak (worn)
 q - the +1 plate armour "Leesi" (worn) {rElec MR- Dex+7}
   (You found it on level 8 of the Dungeon)

   It affects your dexterity (+7).
   It insulates you from electricity.
   It affects your resistance to hostile enchantments.
 K - a +0 pair of boots (worn)
 L - a +0 chain mail
Jewellery
 e - a ring of see invisible (left hand)
 o - an amulet of the gourmand (around neck)
 r - an uncursed amulet of rage
Wands
 j - a wand of enslavement (12)
 A - a wand of flame (16)
 C - a wand of iceblast (8)
 G - a wand of polymorph (5)
Scrolls
 b - a scroll of identify {unknown}
 d - 2 scrolls of teleportation
 g - a scroll of enchant weapon
 h - 3 scrolls of remove curse {@r2}
 i - 5 scrolls of enchant armour
 s - a scroll of magic mapping {unknown}
 t - a scroll of blinking {unknown}
 x - a scroll of vulnerability {unknown}
 y - 2 scrolls of fog
 B - a scroll of noise {unknown}
 H - a scroll of amnesia
 I - a scroll of random uselessness {unknown}
 M - a scroll of immolation
Potions
 k - 2 potions of haste
 m - a potion of magic {unknown}
 p - a potion of berserk rage {unknown}
 u - a potion of ambrosia {unknown}
 v - a potion of curing {unknown}
 w - 4 potions of agility {unknown}
 z - a potion of heal wounds {unknown}
 E - 2 potions of invisibility {unknown}
 F - a potion of lignification {unknown}
 J - a potion of degeneration {unknown}
Comestibles
 f - 29 rations


   Skills:
 * Level 10.5 Fighting
 - Level 14.0 Maces & Flails
 - Level 1.7 Throwing
 - Level 2.4 Dodging


You had 10 spell levels left.
You didn't know any spells.
Your spell library was empty.

Dungeon Overview and Level Annotations

Branches:
Dungeon (9/15)             Temple (1/1) D:5
   Lair: D:8-11         Orc: D:9-12

Altars:
Cheibriados
Makhleb
Trog
Yredelemnul

Shops:
D:5 *


Innate Abilities, Weirdness & Mutations

You are resistant to torment.
Your stone body is resilient. (AC +8)
You are immune to poison.
You resist negative energy. (rN+)
You are resistant to electric shocks. (rElec)
You can survive without breathing.
You are immune to petrification.
You are immune to rotting.


Message History

Ye be too injured ta fight recklessly!
Tha sphinx mumbles some strange words.
Ye be confused.
Tha sphinx casts a spell.
Ye sudd'nly lose tha ability ta move!
Tha sphinx casts a spell.
Ye feel yerself slow down.
Tha sphinx hits ye. x2; Tha sphinx barely misses ye.
Tha sphinx mumbles some strange words.
Somethin' smites ye!
* * * LOW HITPOINT WARNIN'
* * * Ye feel less confused.
Tha sphinx hits ye!
* * * LOW HITPOINT WARNIN'
* * * Tha sphinx barely misses ye.
Tha sphinx hits ye but does nay damage.
Ye can move again.
Unknown command.
Okay, than.
Ye feel yerself speed up.
Tha sphinx hits ye!
Ye die...

...... .................#.#
...... ##..).....)...#.##.##
.....#####............#......
........##..######+#(........
........##..######.#....####
...................#..<..#
...................#...###
.###...............#...#
.###...........H@..#...#
....?.......#..........#
............#.###...#..#
.......##...#.#........#
.......##...#.###.#########
.......##...#.(()..H......#######
..>....##...##########..........#
........#...# #...(.##.#####.#
......#.#...# #...#T##.#


You could see a sphinx.

Vanquished Creatures
  A hydra (D:8)
  A centaur warrior (D:9)
  Pikel (D:5)
  A mana viper (shapeshifter) (D:9)
  Joseph (D:9)
  2 hippogriffs
  2 dream sheep (D:8)
  7 yaks (D:8)
  A water moccasin (D:7)
  2 orc warriors
  2 ice beasts
  2 sky beasts (D:7)
  5 ogres
  The ghost of flextap the Conjurer, an amateur DgCj (D:4)
  4 centaurs
  A crocodile (Sewer)
  Blork the orc (D:6)
  4 big kobolds (D:8)
  6 bullfrogs
  A wyvern zombie (D:8)
  A scorpion (D:8)
  4 wights (D:8)
  2 electric eels (D:5)
  4 crimson imps
  A bullfrog zombie (D:8)
  A lava snake (D:8)
  2 centaur zombies
  3 hounds
  A jelly (D:8)
  4 orc priests
  A centaur skeleton (D:5)
  3 iguanas
  9 orc wizards
  4 worker ants
  A hound zombie (D:7)
  8 gnolls
  A river rat (D:3)
  7 adders
  4 shadow imps
  4 oozes
  An adder skeleton (D:5)
  A worm (D:2)
  2 dart slugs
  7 leopard geckos
  31 orcs
  2 ball pythons
  8 giant cockroaches
  12 hobgoblins
  16 jackals
  7 kobolds
  3 quokkas
  9 bats
  8 frilled lizards
  7 goblins
  A quokka skeleton (D:7)
  12 rats
238 creatures vanquished.

Vanquished Creatures (others)
  Menkaure (D:5)
  An orc (D:6)
2 creatures vanquished.

Grand Total: 240 creatures vanquished

Notes
Turn   | Place    | Note
-------+----------+-------------------------------------------
     0 | D:1      | Inchmeat the Gargoyle Gladiator began the quest for the
                  | Orb.
     0 | D:1      | Reached XP level 1. HP: 12/12 MP: 1/1
    72 | D:1      | Reached XP level 2. HP: 8/17 MP: 2/2
   544 | D:1      | Reached skill level 4 in Maces & Flails
   642 | D:1      | Reached XP level 3. HP: 21/21 MP: 3/3
  1136 | D:2      | Noticed a bullfrog
  1143 | D:2      | Killed a bullfrog
  1143 | D:2      | Reached skill level 5 in Maces & Flails
  1143 | D:2      | Reached XP level 4. HP: 13/26 MP: 4/4
  1405 | D:2      | Reached XP level 5. HP: 29/30 MP: 5/5
  1531 | D:2      | Found a basalt altar of Yredelemnul.
  2309 | D:3      | Reached skill level 6 in Maces & Flails
  2385 | D:3      | Found a glowing drain.
  2395 | Sewer    | Entered a sewer
  2449 | Sewer    | Noticed a crocodile
  2465 | Sewer    | Killed a crocodile
  2465 | Sewer    | Reached XP level 6. HP: 10/35 MP: 6/6
  2829 | D:3      | Reached skill level 7 in Maces & Flails
  3163 | D:4      | Reached XP level 7. HP: 26/40 MP: 7/7
  3314 | D:4      | Found a transporter.
  3314 | D:4      | Noticed flextap's ghost (amateur DgCj)
  3334 | D:4      | Reached skill level 8 in Maces & Flails
  3667 | D:4      | Found a transporter.
  3719 | D:4      | Killed flextap's ghost
  4075 | D:5      | Entered Level 5 of the Dungeon
  4158 | D:5      | Found Riet Nulil's Elemental Accessories.
  4182 | D:5      | Found a staircase to the Ecumenical Temple.
  4191 | D:5      | Found a transporter.
  4208 | D:5      | Reached skill level 9 in Maces & Flails
  4246 | Temple   | Entered the Ecumenical Temple
  4253 | Temple   | Became a worshipper of Makhleb the Destroyer
  4283 | D:5      | Found a transporter.
  4484 | D:5      | Reached XP level 8. HP: 35/44 MP: 8/8
  5086 | D:5      | Reached skill level 10 in Maces & Flails
  5368 | D:5      | Noticed Pikel
  5397 | D:5      | Killed Pikel
  5397 | D:5      | Reached skill level 11 in Maces & Flails
  5513 | D:6      | Reached XP level 9. HP: 43/48 MP: 9/9
  5648 | D:5      | Killed Menkaure
  6283 | D:6      | Noticed Blork the orc
  6322 | D:6      | Killed Blork the orc
  6322 | D:6      | Reached * piety under Makhleb
  6564 | D:6      | Reached skill level 12 in Maces & Flails
  7667 | D:7      | Reached skill level 13 in Maces & Flails
  7984 | D:8      | Reached XP level 10. HP: 53/53 MP: 10/10
  7987 | D:8      | Reached ** piety under Makhleb
  8109 | D:8      | Reached skill level 14 in Maces & Flails
  9189 | D:8      | Found a burning altar of Makhleb.
  9191 | D:8      | Noticed a green death
  9295 | D:8      | Got a dazzling plate armour
  9306 | D:8      | Identified the +1 plate armour "Leesi" {rElec MR- Dex+7}
                  | (You found it on level 8 of the Dungeon)
  9445 | D:8      | Reached skill level 5 in Fighting
  9755 | D:8      | Noticed a three-headed hydra
  9772 | D:8      | Killed a three-headed hydra
 10167 | D:9      | Reached XP level 11. HP: 50/69 MP: 11/11
 10253 | D:9      | Noticed a centaur warrior
 10254 | D:9      | Noticed a seven-headed hydra
 10254 | D:9      | Noticed a lindwurm
 10395 | D:9      | Noticed Joseph
 10440 | D:9      | Killed Joseph
 10576 | D:9      | Noticed a two-headed ogre
 10578 | D:9      | Noticed a mana viper
 10578 | D:9      | a two-headed ogre changed into a mana viper
 10608 | D:9      | Killed a mana viper
 10639 | D:9      | Reached skill level 10 in Fighting
 10653 | D:9      | Killed a centaur warrior
 10719 | D:9      | Noticed a sphinx
 10721 | D:9      | Paralysed by a sphinx for 2 turns
 10734 | D:9      | Paralysed by a sphinx for 2 turns
 10739 | D:9      | Paralysed by a sphinx for 6 turns
 10745 | D:9      | Slain by a sphinx

Skill      XL: |  1  2  3  4  5  6  7  8  9 10 11 |
---------------+----------------------------------+-----
Maces & Flails | 4 5 6 7 9 11 13 14 | 14.0
Fighting       | 8 10 | 10.5
Throwing       | |  1.7
Dodging        | |  2.4

Action                   |  1- 3 |  4- 6 |  7- 9 | 10-12 || total
-------------------------+-------+-------+-------+-------++-------
Melee: Flail             |    98 |   230 |   490 |   344 ||  1162
       Unarmed           |       |       |     2 |       ||     2
Throw: Throwing net      |       |     3 |     1 |       ||     4
Evoke: Wand              |       |       |       |     6 ||     6
  Use: Scroll            |       |     6 |       |     1 ||     7
       Potion            |       |       |     2 |     2 ||     4
 Stab: Sleeping          |     1 |       |       |       ||     1
  Eat: Chunk             |       |     7 |    29 |     9 ||    45
Armor: Leather armour    |    35 |    91 |       |       ||   126
       Scale mail        |       |    33 |   213 |       ||   246
       Chain mail        |       |       |    35 |    57 ||    92
       Plate armour      |       |       |       |   164 ||   164
Dodge: Dodged            |    68 |   180 |   239 |   100 ||   587
